 Dungeon Sprint DCSS version 0.13-a0-2531-g2ad9301 (webtiles) character file.

545 Rycklaryybbe the Skirmisher (level 5, -4/41 HPs)
             Began as a Demonspawn Assassin on July 26, 2013.
             Asphyxiated
             ... in the Dungeon (Sprint I: "Red Sonja").
             The game lasted 00:02:46 (424 turns).

Rycklaryybbe the Skirmisher (Demonspawn Assassin)    Turns: 424, Time: 00:02:46

HP  -4/41        AC  9     Str 11      XL: 5   Next: 47%
MP   4/4         EV  4     Int 13      God:
Gold 347         SH  0     Dex 15      Spells:  0 memorised,  4 levels left

Res.Fire  : . . .   See Invis. : .   b - +0 blowgun
Res.Cold  : . . .   Warding    : .   o - -2 orc chain mail (curse)
Life Prot.: . . .   Conserve   : .   (no shield)
Res.Poison: .       Res.Corr.  : .   (no helmet)
Res.Elec. : .       Clarity    : .   d - +0 cloak
Sust.Abil.: . .     Spirit.Shd : .   (no gloves)
Res.Mut.  : .       Prev.Telep.: +   (no boots)
Res.Rott. : .       Flight     : .   (no amulet)
Saprovore : . . .                    (no ring)
                                     (no ring)

@: short of breath, quite poisoned, slowed, very slow, slightly resistant to
hostile enchantments, extremely unstealthy
A: hooves 1, powered by death 1, AC +2
a: no special abilities


You were in the Dungeon.
You were not hungry.

You visited 1 branch You collected 297 gold pieces.

Inventory:

Hand weapons
 a - a +2,+2 dagger {=f}
 b - a +0 blowgun (weapon)
 n - a +0,+0 dagger
Missiles
 e - 7 poisoned needles (quivered)
 f - 2 curare-tipped needles
 p - 24 stones
Armour
 c - a +0 robe
 d - a +0 cloak (worn)
 o - a cursed -2 orcish chain mail (worn)
Magical devices
 i - a wand of confusion (9)
Comestibles
 g - a bread ration
 l - 5 rotting chunks of ogre flesh
Scrolls
 m - a scroll of blinking
Potions
 h - a potion of curing
 j - a potion of speed
 k - 2 potions of magic


   Skills:
 + Level 7.4 Fighting
 + Level 6.8 Short Blades
 - Level 1.7 Throwing
 - Level 0.8 Dodging
 - Level 6.2 Stealth


You had 4 spell levels left.
You didn't know any spells.

Dungeon Overview and Level Annotations

Branches:
Dungeon (1/1)

Altars:
Vehumet
Zin

Annotations
D Sonja


Innate Abilities, Weirdness & Mutations

You have large cloven feet.
You are partially covered in yellow scales (AC +2).
You can steal the life force of nearby defeated enemies.


Message History

Sonja gestures wildly while chanting.
Sonja blinks!
Firing (i - inventory. (,) - cycle):
e - 8 poisoned needles (quivered)
Press: ? - help, Shift-Dir - straight line, f - Sonja
Aim: Sonja, wielding a short sword of distortion (lightly wounded)
You shoot a poisoned needle. The poisoned needle misses Sonja.
* * * LOW HITPOINT WARNING * * *
You feel sick.
Sonja unwields an uncursed short sword of distortion.
Its appearance distorts for a moment.
Sonja wields an uncursed glowing blowgun.
Sonja shoots a curare-tipped needle.
The curare-tipped needle hits you!
* * * LOW HITPOINT WARNING * * *
Sonja shoots a curare-tipped needle.
The curare-tipped needle hits you!
* * * LOW HITPOINT WARNING * * *
You have got your breath back.
Sonja shoots a curare-tipped needle.
The curare-tipped needle hits you!
You are more poisoned.
You have difficulty breathing.
You die...

################
#<<#..)..#).'..#
#<.'..#..'..#..+
#..#####'#####'#
#..# #..#(..#.#
#..# ####..##.#
#..# ##K#..+
#⌠⌠# +..._# ####
#_@#+# ##(# #.#
$.$ #$.$# ##.##
#+#


You could see Sonja.

Vanquished Creatures
  An ogre (D)
  Sigmund (D)
  Ijyb (D)
  A jelly (D)
4 creatures vanquished.

Vanquished Creatures (others)
  A metal gargoyle (D)
1 creature vanquished.

Grand Total: 5 creatures vanquished

Notes
Turn   | Place    | Note
--------------------------------------------------------------
     0 | D        | Rycklaryybbe, the Demonspawn Assassin, began the quest for the Orb.
     0 | D        | Reached XP level 1. HP: 15/15 MP: 0/0
     1 | D        | Noticed Ijyb
    25 | D        | Killed Ijyb
    25 | D        | Reached skill level 6 in Stealth
    25 | D        | Gained mutation: You have large cloven feet. [demonic ancestry]
    25 | D        | Reached XP level 2. HP: 16/21 MP: 1/1
    61 | D        | Noticed an ogre
    64 | D        | Killed an ogre
    64 | D        | Reached skill level 5 in Fighting
    64 | D        | Reached skill level 5 in Short Blades
    64 | D        | Gained mutation: You are partially covered in yellow scales (AC +2). [demonic ancestry]
    64 | D        | Reached XP level 3. HP: 28/28 MP: 2/2
    64 | D        | Reached XP level 4. HP: 34/34 MP: 3/3
   116 | D        | Noticed Sigmund
   161 | D        | Killed Sigmund
   161 | D        | Reached skill level 7 in Fighting
   161 | D        | Gained mutation: You can steal the life force of nearby defeated enemies. [demonic ancestry]
   161 | D        | Reached XP level 5. HP: 21/41 MP: 4/4
   311 | D        | Found a glowing silver altar of Zin.
   313 | D        | Found a radiant altar of Vehumet.
   345 | D        | Killed a metal gargoyle
   417 | D        | Noticed Sonja
   424 | D        | Asphyxiated

Action                   |  1- 3 |  4- 6 || total
-------------------------+-------+-------++-------
Melee: Dagger            |     5 |    34 ||    39
 Fire: Blowgun           |     7 |     1 ||     8
Evoke: Wand              |       |     2 ||     2
  Use: Potion            |     1 |     1 ||     2
 Stab: Confused          |       |     1 ||     1
